 Dungeon Crawl Stone Soup version 0.25-a0-317-g5f8687b (webtiles) character file.

Game seed: 7698295712373787122, levelgen mode: deterministic

3992 Buxparty the Cleaver (level 10, -10/81 HPs)
             Began as a Deep Dwarf Fighter on Dec 25, 2019.
             Was a Believer of Makhleb.
             Killed from afar by a deep elf mage (29 damage)
             ... with a bolt of magma
             ... on level 7 of the Dungeon.
             The game lasted 00:26:09 (4119 turns).

Buxparty the Cleaver (Deep Dwarf Fighter)           Turns: 4119, Time: 00:26:09

Health: -10/81     AC:  9    Str: 23    XL:     10   Next: 3%
Magic:  0/0        EV:  9    Int:  9    God:    Makhleb [**....]
Gold:   347        SH: 12    Dex: 12    Spells: 9/9 levels left

rFire    . . .     SeeInvis .   l - +6 hand axe
rCold    + . .     Gourm    .   c - +1 shield
rNeg     . . .     Faith    .   b - +0 scale mail
rPois    .         Spirit   .   q - +0 helmet
rElec    .         Reflect  .   (no cloak)
rCorr    .         Harm     .   (no gloves)
MR       +....     Rnd*Tele +   t - +0 pair of boots
Stlth    ..........             (no amulet)
HPRegen  0.00/turn              s - ring of teleportation
MPRegen  0.07/turn              n - ring of protection from cold

@: non-regenerating
A: damage resistance, heal wounds, sense surroundings 2, no regeneration
a: Heal Wounds, Minor Destruction, Renounce Religion


You were on level 7 of the Dungeon.
You worshipped Makhleb.
Makhleb was pleased with you.
You were not hungry.

You visited 1 branch of the dungeon, and saw 8 of its levels.

You collected 347 gold pieces.

Inventory:

Hand Weapons
 a - a +0 war axe
 l - a +6 hand axe (weapon)
 y - a +5 short sword
 z - a cursed +5 halberd
Armour
 b - a +0 scale mail (worn)
 c - a +1 shield (worn)
 q - a +0 helmet (worn)
 t - a +0 pair of boots (worn)
Jewellery
 n - a ring of protection from cold (right hand)
 o - an uncursed ring of magical power {unknown}
 s - a ring of teleportation (left hand)
Wands
 e - a wand of enslavement (9)
 g - a wand of paralysis (7)
 j - a wand of clouds (4)
 x - a wand of disintegration (17)
Scrolls
 i - 2 scrolls of enchant armour
 k - a scroll of teleportation
 m - 2 scrolls of blinking
 r - a scroll of identify
 w - a scroll of amnesia
Potions
 d - a potion of might
 h - a potion of haste
 p - 2 potions of curing
 u - a potion of lignification
 v - a potion of flight {unknown}
Comestibles
 f - 8 rations


   Skills:
 - Level 2.7 Fighting
 * Level 13.5 Axes
 - Level 3.3 Armour
 - Level 1.9 Dodging
 - Level 0.2 Stealth
 + Level 7.8 Shields


You had 9 spell levels left.
You didn't know any spells.
Your spell library was empty.

Dungeon Overview and Level Annotations

Branches:
Dungeon (8/15)             Temple (0/1) D:7
   Lair: D:8-11

Altars:
Ashenzari
Dithmenos
Fedhas
Gozag
Makhleb
Okawaru
Qazlal
Wu Jian
Xom
Yredelemnul
The Shining One


Innate Abilities, Weirdness & Mutations

You are resistant to damage.
You can heal yourself by infusing magical energy.
You passively map the area around you.
You do not regenerate.


Message History

You climb upwards.
The earth elemental disappears in a puff of smoke!
There is a stone staircase leading down here.
You feel much better. You block the deep elf mage's attack.
Your magical essence is drained by the effort!
You feel much better. You block the deep elf mage's attack.
You slash the deep elf mage!
The deep elf mage is heavily wounded.
You hit the deep elf mage.
The deep elf mage is heavily wounded.
The deep elf mage points at you and mumbles some strange words.
The bolt of magma hits you!!!
* * * LOW HITPOINT WARNING * * *
Aiming: Paralyse
Press: ? - help, Shift-Dir - straight line, f - deep elf mage
Aim: a deep elf mage, wielding a +0 long sword and wearing a +0 ring mail (heavily wounded, chance to defeat MR: 28%)
The deep elf mage easily resists.
The deep elf mage gestures at you while chanting.
The bolt of magma hits you!!
You die...

...........####....########......
.##.......## ##.#.# ##.#..#
.###.....#########.# #.#### ##
##...##.......#.# ##.####
##'###.#####.#.# #......
####.###.#####.#.# #.#.###
#...........##.#.# #.#.#
#.##.###.##.##e#.# #####.#.###
#.#.(.##......@#.# #..........
#......####.####.# #.###.#...#
#.#...## #...###.# #.# #.#...#
###.##.## #.......# #.# #.#...#
....#### #.#.##### #.# #......
##### #.#.# #.#######.# #.#.#
#....>....# #...# ###########
#####


You could see a deep elf mage.

Vanquished Creatures
  A two-headed ogre (D:8)
  Prince Ribbit (D:5)
  A hippogriff (D:7)
  A water moccasin (D:6)
  A sky beast (D:6)
  An ice beast (D:5)
  5 phantoms
  An orc warrior (D:6)
  3 ogres
  2 centaurs (D:6)
  A big kobold (D:7)
  Blork the orc (D:6)
  A bullfrog (D:6)
  2 gnoll sergeants
  8 wights
  3 howler monkeys
  4 crimson imps
  A bullfrog zombie (D:6)
  A quasit (D:8)
  A jelly (D:7)
  2 bullfrog skeletons (D:4)
  A hound (D:5)
  2 orc priests (D:6)
  3 centaur skeletons
  3 iguanas
  5 worker ants
  A hound skeleton (D:5)
  A worker ant zombie (D:5)
  9 gnolls
  9 adders
  A shadow imp (D:5)
  2 oozes
  An adder zombie (D:5)
  An adder skeleton (D:5)
  4 worms
  4 leopard geckos
  4 orcs
  A ball python (D:2)
  7 giant cockroaches
  5 goblins
  6 hobgoblins
  20 jackals
  A quokka (D:3)
  3 bats
  2 frilled lizards
  9 kobolds
  A quokka skeleton (D:4)
  6 rats
154 creatures vanquished.

Notes
Turn   | Place    | Note
-------+----------+-------------------------------------------
     0 | D:1      | Buxparty the Deep Dwarf Fighter began the quest for the
                  | Orb.
     0 | D:1      | Reached XP level 1. HP: 20/20 MP: 1/1
   190 | D:2      | Reached skill level 3 in Axes
   190 | D:2      | Reached XP level 2. HP: 20/27 MP: 2/2
   190 | D:2      | Reached XP level 3. HP: 24/33 MP: 3/3
   233 | D:2      | Reached skill level 1 in Dodging
   519 | D:2      | Reached XP level 4. HP: 27/40 MP: 3/3
   624 | D:3      | Found an iron altar of Okawaru.
   674 | D:3      | Reached skill level 4 in Axes
  1079 | D:4      | Reached XP level 5. HP: 24/46 MP: 4/4
  1167 | D:4      | Reached skill level 5 in Axes
  1218 | D:4      | Noticed a phantom
  1238 | D:4      | Found a stormy altar of Qazlal.
  1239 | D:4      | Killed a phantom
  1239 | D:4      | Reached XP level 6. HP: 23/55 MP: 5/5
  1559 | D:4      | Found a basalt altar of Yredelemnul.
  1559 | D:4      | Found a burning altar of Makhleb.
  1564 | D:4      | Became a worshipper of Makhleb the Destroyer
  1747 | D:4      | Reached skill level 6 in Axes
  1802 | D:5      | Entered Level 5 of the Dungeon
  1874 | D:5      | Noticed Prince Ribbit
  1904 | D:5      | Killed Prince Ribbit
  1904 | D:5      | Reached skill level 7 in Axes
  1904 | D:5      | Reached skill level 5 in Shields
  1904 | D:5      | Reached XP level 7. HP: 32/61 MP: 5/5
  1985 | D:5      | Found an opulent altar of Gozag.
  2002 | D:5      | Reached skill level 8 in Axes
  2040 | D:5      | Found a blossoming altar of Fedhas.
  2055 | D:5      | Reached * piety under Makhleb
  2144 | D:5      | Reached skill level 9 in Axes
  2144 | D:5      | Reached XP level 8. HP: 42/68 MP: 4/4
  2373 | D:6      | Reached skill level 10 in Axes
  2461 | D:6      | Reached skill level 11 in Axes
  2512 | D:6      | Gained mutation: You passively map the area around you.
                  | [Deep Dwarf growth]
  2512 | D:6      | Reached XP level 9. HP: 64/74 MP: 3/3
  2529 | D:6      | Noticed Blork the orc
  2540 | D:6      | Killed Blork the orc
  2551 | D:6      | Reached ** piety under Makhleb
  2697 | D:6      | Reached skill level 12 in Axes
  2920 | D:6      | Found a shattered altar of Ashenzari.
  2923 | D:6      | Found a shimmering altar of Xom.
  2923 | D:6      | Found a shadowy altar of Dithmenos.
  2925 | D:6      | Found a glowing golden altar of the Shining One.
  2925 | D:6      | Found an ornate altar of the Wu Jian Council.
  3247 | D:7      | Found a staircase to the Ecumenical Temple.
  3740 | D:7      | Found an opulent altar of Gozag.
  3993 | D:8      | Noticed a deep elf mage
  4013 | D:8      | Noticed a two-headed ogre
  4046 | D:8      | Killed a two-headed ogre
  4046 | D:8      | Reached skill level 13 in Axes
  4059 | D:8      | Reached XP level 10. HP: 45/81 MP: 1/1
  4106 | D:8      | HP: 1/81 [deep elf mage/stone arrow (29)]
  4119 | D:7      | Killed from afar by a deep elf mage

Levels and vault maps discovered:
D:1:      saegor_arrival_miasma, layout_basic
D:2:      layout_basic, first_ration
D:3:      layout_rooms, okawaru_gym_becter
D:4:      layout_basic, gammafunk_temple_overflow_wave,
          nicolae_qazlal_eye_of_the_storm
D:5:      layout_rooms, lemuel_round_altar, grunt_gozag_statues,
          corexii_item_surrounded_by_moat, uniq_prince_ribbit1
D:6:      layout_loops_ring, grunt_temple_overflow_open,
          minmay_fractal_squares_5, uniq_blork_the_orc
D:7:      layout_loops_corners, minmay_temple_entry_ruins, basic_altar
D:8:      layout_basic, nicolae_overflow_quartered_altars

Skill      XL: |  1  2  3  4  5  6  7  8  9 |
---------------+----------------------------+-----
Axes           | 3 4 5 7 9 11 13 | 13.5
Dodging        | 1 |  1.9
Shields        | 4 5 6 7 |  7.8
Fighting       | |  2.7
Armour         | |  3.3
Stealth        | |  0.2

Action                   |  1- 3 |  4- 6 |  7- 9 | 10-12 || total
-------------------------+-------+-------+-------+-------++-------
Melee: War axe           |    95 |    23 |       |       ||   118
       Hand axe          |       |   184 |   309 |    23 ||   516
 Abil: Heal Wounds       |     1 |     3 |    13 |     4 ||    21
Evoke: Wand              |       |       |       |     1 ||     1
  Use: Scroll            |       |       |    13 |       ||    13
       Potion            |       |       |     7 |       ||     7
  Eat: Ration            |       |     1 |     2 |       ||     3
       Chunk             |       |       |     1 |       ||     1
Armor: Scale mail        |    42 |    72 |    86 |     2 ||   202
Dodge: Dodged            |    32 |    63 |    57 |     3 ||   155
Block: Shield            |    46 |    98 |   145 |    15 ||   304

Table legend:
 A = Non-vault XP
 B = Vault XP
 C = Vault XP percentage of total XP
 D = Non-vault monster count
 E = Vault monster count
 F = Vault count percentage of total count
                 A         B        C        D         E       F
            +---------+---------+-------+---------+---------+-------
      Total |    5119 |     585 |  10.3 |     147 |       7 |   4.5
            +---------+---------+-------+---------+---------+-------
        D:1 |      10 |       0 |   0.0 |       6 |       0 |   0.0
        D:2 |      94 |       0 |   0.0 |      21 |       0 |   0.0
        D:3 |      74 |       0 |   0.0 |      25 |       0 |   0.0
        D:4 |     322 |       0 |   0.0 |      18 |       0 |   0.0
        D:5 |     908 |     274 |  23.2 |      22 |       1 |   4.3
        D:6 |    1720 |     311 |  15.3 |      32 |       6 |  15.8
        D:7 |     728 |       0 |   0.0 |      14 |       0 |   0.0
        D:8 |    1263 |       0 |   0.0 |       9 |       0 |   0.0
            +---------+---------+-------+---------+---------+-------
